[Event "Snabb-SM för veteraner, 50+ 2019"]
[Site "Schackcentrum, Vegagatan 20, Gothenburg, Sweden"]
[Date "2019.10.05"]
[Round "3.4"]
[White "Naslund, Mikael"]
[Black "Holst, Conny"]
[Result "1/2-1/2"]
[TimeControl "15 minutes + 10 seconds per move from move one"]
[WhiteTitle "FM"]
[WhiteFideId "1708260"]
[BlackFideId "1701428"]
[WhiteElo "2076"]
[BlackElo "2166"]

1. d4 Nf6 2. c4 e6 3. Nf3 Bb4+ 4. Bd2 a5 5. Nc3 d6 6. Qc2 Nbd7 7. a3 Bxc3 8. Bxc3 Qe7 9. e3 O-O 10.
Be2 Re8 11. O-O e5 12. b4 e4 13. Nd2 axb4 14. axb4 Rxa1 15. Rxa1 Nf8 16. d5 Ng6 17. Ra7 b6 18. Bxf6 gxf6 19.
c5 dxc5 20. bxc5 bxc5 21. Nb3 Rd8 22. Qxc5 Qxc5 23. Nxc5 f5 24. Rxc7 Ne5 25. h3 Kg7 26. Bb5 Kf6 27. d6 Be6 28. Nb7 Rc8 29. Rxc8 Bxc8 30. Nc5 Be6 31. Kh2 Bd5 32. Kg3 Ng6 33.
h4 h6 34. h5 Nf8 35. Kf4 Ne6+ 36. Nxe6 fxe6 37. g4 e5+ 38. Kg3 fxg4 39. Kxg4 Be6+ 40. Kh4 Bf5 41. Bc6 Ke6 42. d7 Ke7 43. Kg3 Kd8 44. Kh4 Ke7 45. Kg3 Kd8 46. Kg2 Ke7 47. Kf1 Bg4 48. Bxe4 Kxd7 49.
Bg6 Ke7 50. Kg2 Kf6 51. f3 Bd7 52.
Kg3 Kg5 53. f4+ exf4+ 54. exf4+ Kf6 55. Kf3 Be6 56. Ke3 Bb3 57. Kd4 Ba2 58. Kc5 Bb3 59.
Kd6 Bc4 60. Kd7 Bb5+ 61. Kd8 Ba4 62. Kc7 Bb5 63. Kd6 Ke5+ 64. Kxe5 1/2-1/2

[Event "Snabb-SM för veteraner, 50+ 2019"]
[Site "Schackcentrum, Vegagatan 20, Gothenburg, Sweden"]
[Date "2019.10.05"]
[Round "3.5"]
[White "Andersson, Johan"]
[Black "Eriksson, Kristian"]
[Result "1/2-1/2"]
[TimeControl "15 minutes + 10 seconds per move from move one"]
[WhiteFideId "1703935"]
[BlackFideId "1705172"]
[WhiteElo "2152"]
[BlackElo "2025"]

1. e4 e5 2. Nf3 Nc6 3. c3 Nf6 4. d4 Nxe4 5. d5 Bc5 6. dxc6 Bxf2+ 7. Ke2 O-O 8. Nbd2 Nxd2 9. Bxd2 Bb6 10.
cxd7 Bxd7 11. Be3 e4 12. Ne5 Bb5+ 13. c4 Qf6 14. Bxb6 axb6 15. cxb5 Qxe5 16. Qb3 Rfd8 17. Qc3 Qf4 18.
Qe3 Qe5 19. Qc3 Qf4 20. Qe3 Qe5 21. Qc3 1/2-1/2

[Event "Snabb-SM för veteraner, 50+ 2019"]
[Site "Schackcentrum, Vegagatan 20, Gothenburg, Sweden"]
[Date "2019.10.05"]
[Round "3.6"]
[White "Madebrink, Lars"]
[Black "Wesslen, Ulf"]
[Result "1-0"]
[TimeControl "15 minutes + 10 seconds per move from move one"]
[WhiteFideId "1701347"]
[BlackFideId "1705199"]
[WhiteElo "2179"]
[BlackElo "1971"]

1. d4 f5 2. Qd3 d5 3. Nf3 Nf6 4. c4 e6 5. Bf4 Bb4+ 6. Nbd2 O-O 7. a3 Be7 8. e3 c6 9. h3 Ne4 10.
Ne5 Nd7 11. Nxe4 fxe4 12. Qc2 a5 13. O-O-O a4 14. f3 Nf6 15. fxe4 Nxe4 16. Bd3 Nf6 17. g4 Kh8 18. g5 Nh5 19.
Bxh7 Rxf4 20. exf4 1-0

[Event "Snabb-SM för veteraner, 50+ 2019"]
[Site "Schackcentrum, Vegagatan 20, Gothenburg, Sweden"]
[Date "2019.10.05"]
[Round "3.7"]
[White "Svensson, Sven"]
[Black "Ansner, Bjorn"]
[Result "1/2-1/2"]
[TimeControl "15 minutes + 10 seconds per move from move one"]
[WhiteFideId "1709240"]
[BlackFideId "1702769"]
[WhiteElo "2158"]
[BlackElo "1934"]

1. d4 d5 2. c4 Nf6 3. cxd5 Nxd5 4. Nf3 g6 5. e4 Nb6 6. h3 Bg7 7. Nc3 O-O 8. Be2 Nc6 9. Be3 Na5 10.
Rc1 Nac4 11. Bf4 c6 12. b3 Nd6 13. Qd2 a5 14. O-O a4 15. Bh6 axb3 16. axb3 Be6 17. Bxg7 Kxg7 18. Qb2 Kg8 19.
Rfd1 Qb8 20. Ra1 Qc7 21. Rxa8 Rxa8 22. Rc1 Qb8 23. Ne1 Nd7 24. Bf3 Nb6 25. Nd3 Bc8 26. g4 Ne8 27. Ra1 Rxa1+ 28. Qxa1 Nd7 29. Qa3 Qd6 30.
Qxd6 exd6 31. Kf1 Kf8 32. Ke2 Ke7 33. Ke3 f6 34. Bd1 Nb6 35. f4 Ng7 36. h4 h5 37. gxh5 gxh5 38. Bf3 Be6 39.
Nc1 d5 40. Kd3 Bg4 41. Bg2 dxe4+ 42. Bxe4 Nf5 43. Bxf5 Bxf5+ 44. Ke3 Nd5+ 45. Nxd5+ cxd5 46. Kd2 Kd6 47. Kc3 Kc6 48. Kb4 Kb6 49. Ne2 Be4 50. Ng3 Bg6 51. Ne2 Be4 52. Nc3 Bf3 53. Na4+ Kc6 54.
Nc5 Bg4 55. Na4 b6 56. Nc3 Bf3 57. Nb1 Be2 58. Nd2 Kd6 59. Kc3 Ke6 60. Nb1 Kf5 61. Kd2 Bb5 62. Ke3 Kg4 63. Nc3 Bc6 64. Nd1 Kxh4 65. Kf3 Bd7 66.
Ne3 Be6 67. Ng2+ Kh3 68. Ne3 Kh4 69.
Ng2+ Kh3 70. Ne3 Kh2 71. f5 1/2-1/2

[Event "Snabb-SM för veteraner, 50+ 2019"]
[Site "Schackcentrum, Vegagatan 20, Gothenburg, Sweden"]
[Date "2019.10.05"]
[Round "3.8"]
[White "Skulason, Johann"]
[Black "Angskog, Kent"]
[Result "0-1"]
[TimeControl "15 minutes + 10 seconds per move from move one"]
[WhiteFideId "1733915"]
[BlackFideId "1703668"]
[WhiteElo "1839"]
[BlackElo "2136"]

1. e4 g6 2. Nf3 Bg7 3. Bc4 c6 4. d4 d5 5. exd5 cxd5 6. Bb3 Nc6 7. c3 Bf5 8. O-O Nf6 9. Re1 O-O 10.
Nbd2 Bd3 11. Ne5 Ba6 12. Ndf3 Ne4 13. Nxc6 bxc6 14. Bc2 Nd6 15. Bg5 Re8 16. b3 Rc8 17. Bd3 Bxd3 18. Qxd3 c5 19.
dxc5 Rxc5 20. Rac1 Ne4 21. Rxe4 dxe4 22. Qxd8 Rxd8 23. Bxe7 Rxc3 0-1

[Event "Snabb-SM för veteraner, 50+ 2019"]
[Site "Schackcentrum, Vegagatan 20, Gothenburg, Sweden"]
[Date "2019.10.05"]
[Round "3.9"]
[White "Andersson, Christer"]
[Black "Gamback, Bjorn"]
[Result "0-1"]
[TimeControl "15 minutes + 10 seconds per move from move one"]
[BlackTitle "CM"]
[WhiteFideId "1734857"]
[BlackFideId "1703161"]
[WhiteElo "1678"]
[BlackElo "2120"]

1. Nf3 Nf6 2. d4 e6 3. Bf4 b6 4. e3 Bb7 5. Bd3 d5 6. O-O Nbd7 7. Nbd2 Ne4 8. Ne5 a6 9. Ndf3 Ndf6 10.
Ng5 Nd6 11. h4 h6 12. Nh3 Be7 13.
h5 Nfe4 14. Qg4 Nf6 15. Qxg7 Rg8 16. Qxh6 Bf8 0-1

[Event "Snabb-SM för veteraner, 50+ 2019"]
[Site "Schackcentrum, Vegagatan 20, Gothenburg, Sweden"]
[Date "2019.10.05"]
[Round "3.10"]
[White "Karlsson, Ulf"]
[Black "Jacobsson, Lennart"]
[Result "0-1"]
[TimeControl "15 minutes + 10 seconds per move from move one"]
[WhiteFideId "1721674"]
[BlackFideId "1753320"]
[WhiteElo "2035"]
[BlackElo "1833"]

1. e4 c6 2. d4 d5 3. e5 c5 4. dxc5 Nc6 5. a3 Nxe5 6. Bb5+ Bd7 7. Qxd5 Nc6 8. b4 Nf6 9. Qd1 a5 10.
Bb2 axb4 11. a4 e6 12. Nf3 Bxc5 13. O-O O-O 14. Nbd2 Qe7 15. Qe2 Rfd8 16. h3 Be8 17. Bd3 Nd4 18.
Nxd4 Bxd4 19. Bxd4 Rxd4 20. Nb3 Rd5 21. Bc4 Rd6 22. a5 Qc7 23. Bd3 Bc6 24. Rfc1 Nd5 25. Qe4 g6 26. h4 Qe7 27.
h5 Qg5 28. Nd4 Nf6 29. Nxe6 Rxe6 0-1

[Event "Snabb-SM för veteraner, 50+ 2019"]
[Site "Schackcentrum, Vegagatan 20, Gothenburg, Sweden"]
[Date "2019.10.05"]
[Round "4.1"]
[White "Borvander, Tom"]
[Black "Andreasson, Ingvar"]
[Result "1/2-1/2"]
[TimeControl "15 minutes + 10 seconds per move from move one"]
[WhiteFideId "1707388"]
[BlackFideId "1700294"]
[WhiteElo "2066"]
[BlackElo "2413"]

1. d4 Nf6 2. c4 c5 3. d5 b5 4. cxb5 g6 5. Nc3 Bg7 6. Nf3 a6 7. bxa6 O-O 8. e4 e6 9. Be2 Nxa6 10. O-O Nb4 11. Be3 d6 12. a3 Na6 13. Nd2 exd5 14. exd5 Nc7 15.
Bf3 Ba6 16. Re1 Rb8 17. Qc2 Nd7 18. Bf4 Ne5 19. Be2 Bxe2 20.
Rxe2 Nb5 21. Nxb5 Rxb5 22. Rb1 Qb8 23. Bxe5 Bxe5 24. Nc4 Bd4 25. Qe4 Rb3 26. Qe7 Qb5 27. Nxd6 Qd3 28. Qe4 Rd8 29. Qxd3 Rxd3 30. Nc4 Rxd5 31. g3 Rd8 32. Kg2 Ra8 33.
Rc2 Rb3 34. Re1 h5 35. h4 Ra6 36. Ree2 Kg7 37. Re1 Ra4 38. Ree2 Kf6 1/2-1/2

[Event "Snabb-SM för veteraner, 50+ 2019"]
[Site "Schackcentrum, Vegagatan 20, Gothenburg, Sweden"]
[Date "2019.10.05"]
[Round "4.2"]
[White "Holst, Conny"]
[Black "Svenn, Gosta"]
[Result "0-1"]
[TimeControl "15 minutes + 10 seconds per move from move one"]
[BlackTitle "FM"]
[WhiteFideId "1701428"]
[BlackFideId "1700553"]
[WhiteElo "2166"]
[BlackElo "2272"]

1. d4 e6 2. c4 f5 3. Nf3 Nf6 4. g3 Bb4+ 5. Bd2 Be7 6. Nc3 O-O 7. Bg2 d6 8. O-O Ne4 9. Qc2 Nxd2 10.
Qxd2 Nc6 11. e4 e5 12. d5 Nb8 13. c5 Nd7 14. cxd6 cxd6 15. exf5 Rxf5 16. Qc2 Rf8 17. Nb5 Nc5 18.
Nd2 Bf5 19. Ne4 a6 20. Nbc3 b5 21. a3 Rc8 22. Qd1 Qd7 23. b4 Nxe4 24. Nxe4 h6 25. Rc1 Rxc1 26. Qxc1 Rc8 27. Qd2 Rc4 28.
Re1 Bd8 29. h3 Bb6 30. g4 Bg6 31. Re2 Qc7 32. Kh2 Kh8 33. Qd3 Rd4 34. Qf3 Kg8 35. h4 Bf7 36. Qf5 Bxd5 37. Rc2 Bc4 38.
g5 Qf7 39. Qc8+ Kh7 40. Ng3 Rxh4+ 41. Kg1 Be6 42. Qxa6 Bd4 43. Be4+ Rxe4 44. Nxe4 Qf4 45. Qb7 hxg5 46. Rc7 Qg4+ 47.
Kf1 Qh3+ 48. Ke1 Qh1+ 49. Kd2 Qh6 50.
Nxd6 g4+ 51. Kc2 Bxf2 52. Qe4+ Qg6 53. Qxg6+ Kxg6 54. Ne8 Bf7 55. Rc6+ Kg5 56. Nxg7 g3 57. Ne6+ Bxe6 58. Rxe6 Kf5 59.
Re8 g2 0-1

[Event "Snabb-SM för veteraner, 50+ 2019"]
[Site "Schackcentrum, Vegagatan 20, Gothenburg, Sweden"]
[Date "2019.10.05"]
[Round "4.3"]
[White "Svenn, Matti"]
[Black "Gamback, Bjorn"]
[Result "1/2-1/2"]
[TimeControl "15 minutes + 10 seconds per move from move one"]
[BlackTitle "CM"]
[WhiteFideId "1705091"]
[BlackFideId "1703161"]
[WhiteElo "2195"]
[BlackElo "2120"]

1. e4 c5 2. Nf3 d6 3. d4 Nf6 4.
Nc3 cxd4 5. Nxd4 g6 6.
Be2 Bg7 7. O-O O-O 8. Nb3 Be6 9. Bg5 Nbd7 10. Kh1 h6 11. Bh4 Qc8 12. f4 Bc4 13. Bd3 Bxd3 14. cxd3 Nc5 15. Rc1 Nxb3 16. Qxb3 Qe6 17. Qxe6 fxe6 18. e5 dxe5 19. fxe5 Ng4 20.
d4 g5 21. Bg3 Ne3 22. Rfe1 Nf5 23. Bf2 Rad8 24. Rcd1 Rd7 25. Ne4 b6 26. g4 Nh4 27. Bxh4 gxh4 28. Kg2 Rfd8 29. Kf3 Bxe5 30. Rc1 Bxd4 31. Rc6 Rf8+ 32. Kg2 Rf4 33. Kh3 Kf7 34. Re2 Rd5 35. Kxh4 Re5 36. Ng3 Rxe2 37. Nxe2 Bf6+ 38. Kg3 Ra4 39. Nc3 Bxc3 40. bxc3 Rxa2 41. h4 Kf6 42. Kf4 Ra4+ 43.
Kf3 Ke5 44. Rc8 Rf4+ 45. Kg3 h5 46. gxh5 Rf1 47. h6 Rf7 48. Kg4 Kf6 49. Ra8 Kg6 50. Rxa7 Kxh6 51. Rb7 Kg6 52. Rxb6 Kf6 53. h5 Rg7+ 54. Kf4 Rg1 55. Rb5 Rc1 56. Rc5 e5+ 57. Ke4 Rh1 58. Rc8 Rxh5 59.
c4 Ke6 60. Rc6+ Kd7 61. Ra6 Rh4+ 62. Kxe5 Rxc4 63. Ra7+ Ke8 64. Ke6 Re4+ 65. Kf5 Re1 66. Rb7 Kf7 67. Ra7 1/2-1/2

[Event "Snabb-SM för veteraner, 50+ 2019"]
[Site "Schackcentrum, Vegagatan 20, Gothenburg, Sweden"]
[Date "2019.10.05"]
[Round "4.4"]
[White "Eriksson, Kristian"]
[Black "Madebrink, Lars"]
[Result "1-0"]
[TimeControl "15 minutes + 10 seconds per move from move one"]
[WhiteFideId "1705172"]
[BlackFideId "1701347"]
[WhiteElo "2025"]
[BlackElo "2179"]

1. e4 d5 2. exd5 Nf6 3. d4 Bg4 4. Nf3 Nxd5 5. Be2 e6 6.
O-O Bd6 7. c4 Nf4 8. Bxf4 Bxf4 9. h3 Bh5 10. Qb3 b6 11. Qb5+ c6 12. Qxh5 O-O 13. Nc3 Nd7 14. Rad1 f5 15.
Ne5 g6 16. Qf3 Bxe5 17. dxe5 Nxe5 18. Qe3 Qf6 19. f4 Nf7 20. Bf3 e5 21. fxe5 Nxe5 22.
b3 Rae8 23. Qd2 g5 24. c5 Qg7 25. cxb6 axb6 26. Na4 g4 27. hxg4 fxg4 28. Bxc6 Nf3+ 29. Bxf3 gxf3 30. Qd5+ Kh8 31.
Rxf3 Rg8 32. Rf7 Qg4 33. Qd4+ Qxd4+ 34. Rxd4 Re2 35. Rf2 Re1+ 36. Kh2 b5 37.
Nb6 Rg6 38. Rd8+ Kg7 39. Rd7+ Kh6 40. Nd5 Kg5 41. Rxh7 Re5 42. Ne7 Rge6 43. Rff7 Re2 44. Rhg7+ Kh5 45. Ng8 Rxa2 46. Rf5+ Kh4 47.
Nf6 Rb2 48. Rg4# 1-0

[Event "Snabb-SM för veteraner, 50+ 2019"]
[Site "Schackcentrum, Vegagatan 20, Gothenburg, Sweden"]
[Date "2019.10.05"]
[Round "4.5"]
[White "Jacobsson, Lennart"]
[Black "Andersson, Johan"]
[Result "0-1"]
[TimeControl "15 minutes + 10 seconds per move from move one"]
[WhiteFideId "1753320"]
[BlackFideId "1703935"]
[WhiteElo "1833"]
[BlackElo "2152"]

1. e4 d6 2. d4 Nf6 3. Nc3 c6 4. Bg5 Nbd7 5. f4 h6 6. Bh4 Qa5 7. Bd3 e5 8. Nge2 exf4 9. Bxf6 Nxf6 10.
Nxf4 Bg4 11. Qd2 g5 12. Nfe2 Bg7 13. O-O O-O-O 14. Rab1 Rhe8 15. b4 Qb6 16. Na4 Qc7 17. Ng3 Nh5 18.
c3 Nf4 19. b5 Qa5 20. Qc2 Nxd3 21. Rxf7 Rd7 22. Rxd7 Bxd7 23. b6 a6 24. Nh5 Bh8 25. g3 c5 26. Qxd3 Bxa4 27. e5 dxe5 28.
Qh7 Bd7 29. Qxh6 Qa4 30. d5 Bf5 31. Rf1 Qd7 32. Nf6 Bxf6 33. Qxf6 Bd3 34. Rd1 c4 35. d6 Re6 36. Qxg5 Qxd6 37. Qg8+ Kd7 38. Qf7+ Qe7 39. Qf3 Qc5+ 40.
Kh1 Qxb6 41. Qf7+ Re7 42. Qxc4 e4 43. Qd5+ Kc7 44. c4 Qc6 45. Qa5+ Kc8 46. Qf5+ Kb8 47. Qf8+ Re8 48. Qf4+ Ka8 49. Qe3 Qxc4 50. h4 Qe6 51. Kh2 Rd8 52.
Qg5 Qxa2+ 53. Qxd8+ 0-1

[Event "Snabb-SM för veteraner, 50+ 2019"]
[Site "Schackcentrum, Vegagatan 20, Gothenburg, Sweden"]
[Date "2019.10.05"]
[Round "4.6"]
[White "Sigeman, Johan"]
[Black "Hautajarvi, Jukka"]
[Result "1/2-1/2"]
[TimeControl "15 minutes + 10 seconds per move from move one"]
[WhiteFideId "1705601"]
[BlackFideId "1716190"]
[WhiteElo "2100"]
[BlackElo "2145"]

1. c4 Nf6 2. Nc3 e6 3. e4 d5 4. e5 Ne4 5. Nf3 Nxc3 6. bxc3 c5 7. d4 Nc6 8. Be2 Be7 9. O-O O-O 10.
Rb1 b6 11. Be3 cxd4 12. cxd4 dxc4 13. Bxc4 Nb4 14. Qd2 Nd5 15. Bg5 Bb7 16. Bd3 h6 17. Bxh6 gxh6 18. Qxh6 f5 19. Qg6+ Kh8 20.
Qh6+ Kg8 21. Qg6+ 1/2-1/2

[Event "Snabb-SM för veteraner, 50+ 2019"]
[Site "Schackcentrum, Vegagatan 20, Gothenburg, Sweden"]
[Date "2019.10.05"]
[Round "4.8"]
[White "Svensson, Sven"]
[Black "Naslund, Mikael"]
[Result "1-0"]
[TimeControl "15 minutes + 10 seconds per move from move one"]
[BlackTitle "FM"]
[WhiteFideId "1709240"]
[BlackFideId "1708260"]
[WhiteElo "2158"]
[BlackElo "2076"]

1. d4 Nf6 2. c4 e6 3. Nc3 Bb4 4. Qc2 d5 5. a3 Bxc3+ 6. Qxc3 O-O 7. e3 b6 8. Nh3 Bb7 9. f3 Nbd7 10.
Be2 c5 11. O-O Rc8 12. b3 a6 13. Bb2 Qe7 14. Rac1 Rfd8 15. Rfd1 cxd4 16. exd4 Nf8 17. Qe3 Ng6 18. Nf2 Nh4 19.
Bd3 dxc4 20. bxc4 Ng6 21. Ne4 Nh5 22. g3 Re8 23. Nf2 Qc7 24. Be4 Bxe4 25. fxe4 e5 26. d5 Nf6 27. Nd3 Nd7 28.
Rc2 f6 29. Kg2 Ngf8 30. Bc1 Nc5 31. Nb4 Red8 32. Nc6 Qxc6 33. dxc6 Rxd1 34. Qe2 Rd6 35. Be3 Nfe6 36. Bf2 Rcxc6 37. Rd2 Nb3 38. Rxd6 Rxd6 39. c5 Nbxc5 40. Qc4 Kf8 41. a4 Rd2 42. Kf1 Nd4 43. Qb4 Rd1+ 44. Kg2 Kf7 45. Qxb6 Nce6 46.
Qxa6 Rd2 47. a5 Kg6 48. Qa8 h5 49. Kf1 Rd1+ 50. Kg2 h4 51. a6 Rd2 52. Qe8+ Kg5 53. gxh4+ Kh6 54. Qh8+ Kg6 55.
h5+ Kg5 56. Kf1 Rd1+ 57. Kg2 Nf4+ 58. Kg3 Rd3+ 59. Be3 Rxe3+ 60. Kf2 Re2+ 61. Kf1 Nf3 62. Qxg7+ Kh4 63. Qg3+ Kxh5 64. Qxf3+ 1-0

[Event "Snabb-SM för veteraner, 50+ 2019"]
[Site "Schackcentrum, Vegagatan 20, Gothenburg, Sweden"]
[Date "2019.10.05"]
[Round "4.9"]
[White "Ansner, Bjorn"]
[Black "Frisk, Hans"]
[Result "1-0"]
[TimeControl "15 minutes + 10 seconds per move from move one"]
[WhiteFideId "1702769"]
[BlackFideId "1708570"]
[WhiteElo "1934"]
[BlackElo "1948"]

1. d4 Nf6 2. c4 e6 3. Nc3 Bb4 4. e3 O-O 5. Nge2 Ne4 6. Qc2 d5 7. a3 Nxc3 8. Nxc3 Bxc3+ 9. bxc3 b6 10.
Bd3 g6 11. O-O Bb7 12. e4 dxc4 13. Bxc4 Qh4 14. f3 Nd7 15. Be3 Rac8 16. Rad1 c5 17. Qb3 cxd4 18. cxd4 Rfe8 19. a4 Qh5 20.
Bb5 Red8 21. Rc1 Nf6 22. Qd3 Rxc1 23. Rxc1 e5 24. d5 Ne8 25. Bxe8 Rxe8 26. Rc7 Bc8 27. Qc4 Bh3 28. Qc2 f5 29. Qc6 Rf8 30. Qd7 1-0

[Event "Snabb-SM för veteraner, 50+ 2019"]
[Site "Schackcentrum, Vegagatan 20, Gothenburg, Sweden"]
[Date "2019.10.05"]
[Round "4.10"]
[White "Kappi, Marcus"]
[Black "Karlsson, Ulf"]
[Result "0-1"]
[TimeControl "15 minutes + 10 seconds per move from move one"]
[WhiteFideId "1762915"]
[BlackFideId "1721674"]
[WhiteElo "1387"]
[BlackElo "2035"]

1. e4 c5 2. Bc4 e6 3. Nc3 a6 4. a4 Nc6 5. f4 d6 6. Nf3 Nge7 7. O-O g6 8. d3 Bg7 9. Qe1 Nd4 10. Nxd4 cxd4 11. Ne2 Bd7 12.
Qg3 O-O 13. e5 Nf5 14. Qf2 dxe5 15. fxe5 Bxe5 16. Bf4 Bg7 17. Rae1 Bxa4 18. c3 b5 19. Ba2 Bc2 20. Qf3 dxc3 21.
Nxc3 Qxd3 22. Bb1 Qxf3 23. Rxf3 Bxb1 24. Rxb1 Rac8 25. Rc1 b4 26. Ne4 Rxc1+ 27. Bxc1 Rc8 28. Rf1 Nd4 29. Kh1 f5 30.
Bg5 fxe4 0-1

[Event "Snabb-SM för veteraner, 50+ 2019"]
[Site "Schackcentrum, Vegagatan 20, Gothenburg, Sweden"]
[Date "2019.10.05"]
[Round "4.11"]
[White "Bergre, Joachim"]
[Black "Skulason, Johann"]
[Result "1-0"]
[TimeControl "15 minutes + 10 seconds per move from move one"]
[WhiteFideId "1704893"]
[BlackFideId "1733915"]
[WhiteElo "2035"]
[BlackElo "1839"]

1. Nf3 f5 2. d3 Nf6 3.
Nc3 e6 4. e4 d6 5. exf5 exf5 6. d4 d5 7. Ne5 Be7 8. Bg5 O-O 9. Bd3 c6 10. O-O Ne4 11.
Bxe7 Qxe7 12. Re1 Qh4 13. g3 Qf6 14. f3 Ng5 15. Bf1 Nd7 16. Bg2 f4 17. g4 Nxe5 18. Rxe5 Nf7 19. Re2 Nd6 20.
b3 b6 21. Qd2 Ba6 22. Re5 Rae8 23. Rae1 Rxe5 24. dxe5 Qg6 25. exd6 Qxd6 26. Qd4 Bb7 27. Na4 c5 28. Qe5 Qd8 29.
Qe6+ Kh8 30. Qe7 d4 31. Qxd8 Rxd8 32. Nb2 b5 33. Re7 Bd5 34. Nd3 c4 35.
bxc4 bxc4 36. Nxf4 g5 37. Nh5 d3 38. Nf6 Bg8 39. cxd3 cxd3 40. Bf1 d2 41. Be2 d1=Q+ 42. Bxd1 Rxd1+ 43. Kf2 Rd2+ 44. Kg3 Rd6 45. Nxg8 Kxg8 46. Rxa7 1-0

[Event "Snabb-SM för veteraner, 50+ 2019"]
[Site "Schackcentrum, Vegagatan 20, Gothenburg, Sweden"]
[Date "2019.10.05"]
[Round "5.1"]
[White "Andreasson, Ingvar"]
[Black "Svenn, Gosta"]
[Result "0-1"]
[TimeControl "15 minutes + 10 seconds per move from move one"]
[BlackTitle "FM"]
[WhiteFideId "1700294"]
[BlackFideId "1700553"]
[WhiteElo "2413"]
[BlackElo "2272"]

1. b3 Nf6 2. Bb2 e6 3. Nf3 c5 4. e3 Be7 5. c4 O-O 6. Be2 b6 7. O-O Bb7 8. d4 d6 9. Nc3 Nbd7 10.
d5 exd5 11. cxd5 a6 12. e4 b5 13. Nd2 Re8 14. f4 Bf8 15. Bf3 Qb6 16. Kh1 g6 17. g4 Re7 18. g5 Ne8 19. Qc2 Bg7 20.
Nd1 Rc8 21. Nf2 c4 22. bxc4 Qe3 23. Bxg7 Nxg7 24. Nh3 Nb6 25. Bg4 Rcc7 26. Rae1 Qd4 27. Nb3 Qxc4 28. Qf2 Nxd5 29. Na5 Qd3 30. Nxb7 Nc3 31. Rd1 Nxd1 32.
Rxd1 Qxe4+ 33. Bf3 Qf5 34. Qg2 Rc2 35. Nxd6 Qc5 36. Qg1 Qc3 37. Qg4 Nh5 38. f5 Re1+ 39. Ng1 Rxd1 40. Bxd1 Qc6+ 41.
Qe4 Qxe4+ 42. Nxe4 Rxa2 43. Bb3 Rb2 44. Nc5 a5 45. Nf3 a4 46. Bd5 Nf4 47. Bc6 a3 0-1

[Event "Snabb-SM för veteraner, 50+ 2019"]
[Site "Schackcentrum, Vegagatan 20, Gothenburg, Sweden"]
[Date "2019.10.05"]
[Round "5.2"]
[White "Andersson, Johan"]
[Black "Borvander, Tom"]
[Result "0-1"]
[TimeControl "15 minutes + 10 seconds per move from move one"]
[WhiteFideId "1703935"]
[BlackFideId "1707388"]
[WhiteElo "2152"]
[BlackElo "2066"]

1. e4 e5 2. Nf3 Nc6 3. c3 d5 4. Qa4 f6 5. Bb5 Nge7 6. exd5 Qxd5 7. d4 Bd7 8. Be3 e4 9. c4 Qf5 10.
Nfd2 Qg6 11. Nc3 a6 12. d5 Ne5 13. Bxd7+ Nxd7 14. Ndxe4 Nf5 15. O-O-O Nxe3 16. Rhe1 O-O-O 17. Rxe3 f5 18.
Rg3 Qh6+ 19. Ng5 Bd6 20. h4 Bxg3 21. fxg3 Rde8 22. Kb1 Nc5 23. Qc2 Qf6 24. Rf1 g6 25. b4 Nd7 26. g4 Ne5 27.
gxf5 Nxc4 28. Qd3 Ne3 29. Rf3 Nxg2 30. fxg6 Qxg6 31. Qxg6 hxg6 32. Ne6 Re7 33. Ne4 b6 34. Rf6 Nxh4 35. d6 cxd6 36. Nxd6+ Kd7 37. Nf4 Nf5 38. Nxf5 gxf5 39.
Rxb6 Rh2 40. Nd3 Re3 41. Nc5+ Ke7 42. Rb7+ Ke8 43. Rb8+ Kf7 44. Nb3 Ree2 45. Rb7+ Kg6 46. Rb6+ Kg5 47. Rxa6 f4 48. Ra8 Rh1+ 49.
Nc1 Ree1 50. Rc8 f3 51. Kb2 Rxc1 52. Rg8+ Kf4 53. a4 Rb1+ 54. Kc3 Rhc1+ 55. Kd2 Rc4 0-1

[Event "Snabb-SM för veteraner, 50+ 2019"]
[Site "Schackcentrum, Vegagatan 20, Gothenburg, Sweden"]
[Date "2019.10.05"]
[Round "5.3"]
[White "Angskog, Kent"]
[Black "Eriksson, Kristian"]
[Result "1/2-1/2"]
[TimeControl "15 minutes + 10 seconds per move from move one"]
[WhiteFideId "1703668"]
[BlackFideId "1705172"]
[WhiteElo "2136"]
[BlackElo "2025"]

1. Nf3 e6 2. c4 f5 3. g3 Nf6 4. Bg2 Be7 5. O-O O-O 6. d3 d6 7. Nc3 Nc6 8. Rb1 e5 9. b4 Qe8 10.
b5 Nd8 11. Nd5 Ne6 12. Nxf6+ Bxf6 13. e3 Qg6 14. d4 f4 15. dxe5 Qxb1 16. exf6 Rxf6 17. exf4 Nc5 18. Ng5 h6 19.
Qd5+ Kh8 20. Ne4 Rf5 21. Qd4 Qd3 22. Bb2 Qxd4 23. Bxd4 Be6 24. Rc1 Re8 25. Nd2 b6 26. Bc6 Bd7 27.
Bf3 Rff8 28. Bh5 Re7 29. Nf3 Be8 30. Bg4 Bg6 31. Nh4 Bh7 32. f5 Re4 33. Bxc5 Rxg4 34. Be3 Bxf5 35. Nxf5 Rxf5 36. Rc3 Re4 37. Kg2 Kg8 38.
h3 Kf7 39. g4 Rfe5 40. Kf3 g5 41. Ke2 Kg6 42. Kd3 Re8 43. Ra3 R4e7 44. Rxa7 Kf6 45. a4 Ke5 46. Ke4+ 1/2-1/2

[Event "Snabb-SM för veteraner, 50+ 2019"]
[Site "Schackcentrum, Vegagatan 20, Gothenburg, Sweden"]
[Date "2019.10.05"]
[Round "5.4"]
[White "Sigeman, Johan"]
[Black "Svenn, Matti"]
[Result "1/2-1/2"]
[TimeControl "15 minutes + 10 seconds per move from move one"]
[WhiteFideId "1705601"]
[BlackFideId "1705091"]
[WhiteElo "2100"]
[BlackElo "2195"]

1. c4 e5 2. Nc3 Nf6 3. Nf3 Nc6 4. e3 Bb4 5. Qc2 O-O 6. Nd5 Bc5 7. Qf5 d6 8. Nxf6+ Qxf6 9. Qxf6 gxf6 10. a3 a5 11. b3 Be6 12.
Bb2 d5 13. d4 exd4 14. exd4 Bd6 15. c5 Bf4 16. Be2 Rfe8 17. O-O Bf5 18. Rfe1 Re6 19. Nh4 Bg6 20. Bg4 Rxe1+ 21. Rxe1 Kf8 22. g3 Bg5 23. Nf5 1/2-1/2

[Event "Snabb-SM för veteraner, 50+ 2019"]
[Site "Schackcentrum, Vegagatan 20, Gothenburg, Sweden"]
[Date "2019.10.05"]
[Round "5.5"]
[White "Gamback, Bjorn"]
[Black "Svensson, Sven"]
[Result "0-1"]
[TimeControl "15 minutes + 10 seconds per move from move one"]
[WhiteTitle "CM"]
[WhiteFideId "1703161"]
[BlackFideId "1709240"]
[WhiteElo "2120"]
[BlackElo "2158"]

1. Nf3 Nf6 2. c4 e6 3. b3 d5 4.
cxd5 exd5 5. Bb2 Be7 6. e3 O-O 7. Be2 c6 8. O-O Bg4 9. Nd4 Bxe2 10. Qxe2 Re8 11. Nf5 Bf8 12. Qf3 Nbd7 13.
Qg3 g6 14. Nd4 Bg7 15. Nc3 Ne5 16. Rad1 Qd7 17. d3 Nh5 18. Qh3 Qxh3 19. gxh3 c5 20. Ndb5 Nf3+ 21. Kg2 Nh4+ 22. Kh1 Rad8 23. Nc7 Rf8 24.
Ba1 Nf6 25. e4 dxe4 26. dxe4 Nf3 27. N7d5 Rfe8 28. Nxf6+ Bxf6 29. Nd5 Bxa1 30. Rxa1 Kg7 31. Kg2 Nd2 32. Rfd1 Nxe4 33. Rac1 b6 34. Ne3 h5 35. h4 Nf6 36. Kf3 Nd7 37. Nc4 Nb8 38. Nd6 Rf8 39.
Nb5 Nc6 40. Kg3 a6 41. Nc3 Nd4 42.
Kg2 Rfe8 43. Rd2 Nf5 44. Rcd1 Rxd2 45. Rxd2 Nxh4+ 46. Kg3 Nf5+ 47. Kf4 Nd4 48.
Nd5 Re6 49. Kg3 Rd6 50. Ne3 Kf6 51. Nc4 Rd5 52. Rb2 b5 53. Nd2 Rg5+ 54. Kf4 Rg4+ 55. Ke3 Ke5 56. f3 Rh4 57. Nf1 f5 58.
Kf2 Rf4 59. Nd2 g5 60. Ke3 Rh4 61. Nf1 Rh3 62. Rf2 g4 63. Kd2 Rxf3 64. Rxf3 Nxf3+ 65. Ke3 f4+ 66. Kf2 c4 67. bxc4 bxc4 68. Ke2 Kd4 69. Kd1 Kd3 70.
a3 c3 71. a4 Nd2 72. Nxd2 cxd2 73. a5 Ke3 74. h3 gxh3 75. Kc2 Ke2 0-1